 Dungeon Crawl Stone Soup version 0.26-a0-667-g92642533e4 (webtiles) character file.

Game seed: 5548836824761073425

18477 grandjackal the Fighter (level 12, -21/106 HPs)
             Began as a Purple Draconian Gladiator on Oct 17, 2020.
             Was a Believer of Ashenzari.
             Demolished by an orc warlord
             ... wielding a +6 vorpal battleaxe
              (35 damage)
             ... on level 1 of the Orcish Mines.
             The game lasted 00:32:09 (20290 turns).

grandjackal the Fighter (DrGl)                     Turns: 20290, Time: 00:32:09

Health: -21/106    AC: 10    Str: 16    XL:     12   Next: 28%
Magic:  0/15       EV: 16    Int: 17    God:    Ashenzari [**....]
Gold:   505        SH:  0    Dex: 13    Spells: 4/15 levels left

rFire    . . .     SeeInvis +   a - +0 quarterstaff (curse)
rCold    . . .     Faith    .   (shield currently unavailable)
rNeg     . . .     Spirit   +   (armour unavailable)
rPois    +         Reflect  .   K - +0 hat {Int+3} (curse)
rElec    .         Harm     .   (no cloak)
rCorr    .         Rampage  .   n - +0 pair of gloves
MR       +....                  z - +0 pair of boots
Stlth    +.........             F - amulet of guardian spirit
HPRegen  0.27/turn              g - ring of poison resistance
MPRegen  0.14/turn              k - ring of see invisible

@: short of breath, lightly drained
A: breathe power, unfitting armour, cold-blooded, AC +8
a: Breathe Dispelling Energy, Curse Item, Scrying, Renounce Religion


You were on level 1 of the Orcish Mines.
You worshipped Ashenzari.
Ashenzari was pleased with you.
You visited 3 branches of the dungeon, and saw 14 of its levels.

You collected 821 gold pieces.
You spent 316 gold pieces at shops.

Inventory:

Hand Weapons
 a - a cursed +0 quarterstaff (weapon)
Armour
 c - a +1 kite shield of cold resistance
 n - a +0 pair of gloves (worn)
 z - a +0 pair of boots (worn)
 K - a cursed +0 hat of intelligence (worn)
Jewellery
 g - a ring of poison resistance (left hand)
 k - a ring of see invisible (right hand)
 q - a +4 ring of protection
 x - an uncursed ring of flight
 F - an amulet of guardian spirit (around neck)
Wands
 b - a wand of polymorph (4)
 H - a wand of digging (8)
 I - a wand of flame (34)
Scrolls
 e - 3 scrolls of remove curse
 i - 6 scrolls of enchant armour {unknown}
 m - 3 scrolls of immolation
 s - 2 scrolls of amnesia
 v - 2 scrolls of magic mapping
 y - 4 scrolls of enchant weapon
 C - 3 scrolls of fog
Potions
 h - 2 potions of resistance
 j - a potion of berserk rage
 l - a potion of brilliance
 o - a potion of mutation
 p - 2 potions of invisibility
 t - a potion of cancellation
 w - 3 potions of heal wounds
 A - 2 potions of flight
 D - a potion of stabbing
 G - a potion of curing
Miscellaneous
 f - a tin of tremorstones (inert)


   Skills:
 + Level 10.2(9.7) Fighting
 - Level 9.0(11.4) Staves
 - Level 1.7(1.4) Throwing
 - Level 7.3(6.9) Dodging
 + Level 4.9(4.5) Shields
 - Level 2.1(1.7) Spellcasting
 + Level 7.8(7.4) Conjurations
 + Level 8.8(8.3) Hexes
 + Level 8.2(7.7) Evocations


You had 4 spell levels left.
You knew the following spells:

 Your Spells              Type           Power        Failure   Level
a - Searing Ray           Conj           ####..       1%          2
b - Dazzling Flash        Conj/Hex       ####..       2%          3
c - Fulminant Prism       Conj/Hex       ####......   8%          4
d - Slow                  Hex            ####....     1%          2

Your spell library contained the following spells:

 Spells                   Type           Power        Failure   Level
 Magic Dart               Conj           ####         1%          1
 Conjure Flame            Conj/Fire      ##......     13%         3
 Beastly Appendage        Tmut           #.....       21%         1
 Mephitic Cloud           Conj/Pois/Air  #.......     22%         3
 Blink                    Tloc           N/A          30%         2
 Call Imp                 Summ           #.......     30%         2
 Wereblood                Tmut           #.......     30%         2
 Iskenderun's Mystic Bla  Conj/Tloc      ##......     41%         4
 Spider Form              Tmut/Pois      #.........   52%         3
 Ice Form                 Ice/Tmut       #.......     89%         4
 Blade Hands              Tmut           #.........   99%         5


Dungeon Overview and Level Annotations

Branches:
Dungeon (12/15)            Temple (1/1) D:7            Lair (0/6) D:10
    Orc (1/2) D:11

Altars:
Ashenzari
Cheibriados
Elyvilon
Okawaru
Qazlal
Uskayaw
Vehumet

Shops:
D:5 =   D:7 [[[!!   D:8 !   D:10 =   D:11 [


Innate Abilities, Weirdness & Mutations

You can breathe bolts of dispelling energy.
Your rich purple scales are hard. (AC +8)
You cannot fit into any form of body armour.
You are cold-blooded and may be slowed by cold attacks.


Message History

The orc warlord is almost dead.
Unknown command.
Unknown command.
You hit the orc warlord but do no damage.
You tail-slap the orc warlord.
The orc warlord is almost dead.
The orc warlord closely misses you.
Unknown command.
Unknown command.
You closely miss the orc warlord.
You tail-slap the orc warlord, but do no damage.
The orc warlord is almost dead.
The orc warrior barely misses you.
Unknown command.
Unknown command.
You barely miss the orc warlord.
The orc warlord is almost dead.
Your orc warrior closely misses the orc warlord.
The orc warlord hits you with a +6 vorpal battleaxe!!!
You die...

####.##.#.....
##.#...........
#...#..).......
##o##..........
#..............
##..#....h.....
###..............
##o.o).)..........
*
#@o..#............
* *
##.##.......#.....
* *
####.............
** *
#............. , *
, * #...#.##......
* ##.##..##...#. ,
* ###.......... ,
..#* ##....#.....
, ...##,
##....#......


You could see an orc warlord (drained), an orc warrior (strong) and a friendly
orc warrior (charmed).

Vanquished Creatures
  Erolcha (D:9)
  Harold (D:7)
  3 two-headed ogres
  Erica (D:8)
  Pikel (D:7)
  An ugly thing (D:11)
  2 deep elf magi (D:9)
  An orc sorcerer (Orc:1)
  2 komodo dragons
  5 trolls
  5 slime creatures (D:12)
  A shadow (D:10)
  Sigmund (D:2)
  A vampire (D:11)
  9 yaks
  A water moccasin (D:9)
  An eye of draining (D:10)
  4 ice beasts
  5 sky beasts
  3 black bears (D:6)
  A swamp drake (D:9)
  8 orc warriors
  A necrophage (D:12)
  8 ogres
  3 phantoms
  6 centaurs
  A lemure (D:7)
  Blork the orc (D:5)
  7 bullfrogs
  2 wyvern zombies
  A water moccasin zombie (D:10)
  4 scorpions
  22 killer bees
  15 wights
  A bullfrog zombie (D:11)
  2 centaur zombies (D:6)
  2 howler monkeys
  A crimson imp (D:9)
  3 jellies
  11 orc priests
  5 hounds
  16 orc wizards
  A bullfrog skeleton (D:6)
  A centaur skeleton (D:9)
  An iron imp (D:9)
  2 iguanas
  Natasha (twice) (D:2)
  8 worker ants
  A hound zombie (D:7)
  15 adders
  A shadow imp (D:9)
  5 white imps
  2 ufetubi
  4 adder skeletons
  3 worms
  A dart slug (D:1)
  12 leopard geckos
  72 orcs
  4 bats
  8 giant cockroaches
  4 hobgoblins
  17 jackals
  5 kobolds
  5 quokkas
  3 ball pythons
  5 frilled lizards
  A giant cockroach zombie (D:6)
  5 goblins
  2 leopard gecko skeletons
  A leopard gecko zombie (D:6)
  6 rats
367 creatures vanquished.

Vanquished Creatures (collateral kills)
  An orc (Orc:1)
1 creature vanquished.

Vanquished Creatures (others)
  An orc sorcerer (Orc:1)
  2 orc warriors (Orc:1)
  An orc priest (Orc:1)
  33 fulminant prisms
  6 plants (D:7)
43 creatures vanquished.

Grand Total: 411 creatures vanquished

Notes
Turn   | Place    | Note
-------+----------+-------------------------------------------
     0 | D:1      | grandjackal the Draconian Gladiator began the quest for the
                  | Orb.
     0 | D:1      | Reached XP level 1. HP: 17/17 MP: 1/1
   282 | D:1      | Reached XP level 2. HP: 14/25 MP: 2/2
  1025 | D:1      | Reached XP level 3. HP: 25/30 MP: 3/3
  1283 | D:2      | Noticed Natasha
  1289 | D:2      | Killed Natasha
  1289 | D:2      | Reached skill level 3 in Fighting
  1504 | D:2      | Reached XP level 4. HP: 32/38 MP: 4/4
  1589 | D:2      | Noticed Sigmund
  1605 | D:2      | Killed Sigmund
  1605 | D:2      | Reached skill level 4 in Fighting
  1605 | D:2      | Reached XP level 5. HP: 22/46 MP: 5/5
  1679 | D:2      | Noticed Natasha
  1692 | D:2      | Killed Natasha
  1954 | D:2      | Reached XP level 6. HP: 38/53 MP: 6/6
  2727 | D:3      | Found a white marble altar of Elyvilon.
  3491 | D:4      | Reached skill level 5 in Staves
  3538 | D:4      | Reached skill level 5 in Fighting
  3708 | D:4      | Your scales start taking on a rich purple colour.
  3708 | D:4      | Reached XP level 7. HP: 58/61 MP: 7/7
  4157 | D:5      | Entered Level 5 of the Dungeon
  4180 | D:5      | Learned a level 2 spell: Searing Ray
  4184 | D:5      | Learned a level 3 spell: Dazzling Flash
  4236 | D:5      | HP: 3/61 [orc wizard/+0 dagger (2)]
  4242 | D:4      | HP: 1/61 [quokka (3)]
  4247 | D:4      | Reached skill level 1 in Spellcasting
  4247 | D:4      | HP: 2/61 [quokka (2)]
  4685 | D:5      | Noticed Blork the orc
  4709 | D:5      | Reached skill level 5 in Dodging
  4709 | D:5      | Reached skill level 1 in Hexes
  4717 | D:5      | Killed Blork the orc
  5054 | D:5      | Reached XP level 8. HP: 67/70 MP: 11/11
  5107 | D:5      | Found Bipiof's Jewellery Shoppe.
  5194 | D:6      | Found a snail-covered altar of Cheibriados.
  5241 | D:5      | Reached skill level 6 in Fighting
  5241 | D:5      | Reached skill level 1 in Conjurations
  5751 | D:6      | Found an iron altar of Okawaru.
  5784 | D:6      | Reached skill level 1 in Evocations
  6612 | D:6      | Reached XP level 9. HP: 68/78 MP: 9/12
  6820 | D:6      | Learned a level 4 spell: Fulminant Prism
  6875 | D:7      | Noticed Pikel
  6906 | D:7      | Killed Pikel
  6906 | D:7      | Reached skill level 7 in Fighting
  6938 | D:7      | Found a staircase to the Ecumenical Temple.
  6949 | D:7      | Noticed Harold
  7215 | Temple   | Entered the Ecumenical Temple
  7239 | Temple   | Became a worshipper of Ashenzari the Shackled
  7301 | D:7      | Killed Harold
  7301 | D:7      | Reached skill level 5 in Hexes
  7888 | D:7      | Found Vyerchaa's Armour Emporium.
  7916 | D:7      | Found a hide-covered altar of Uskayaw.
  7934 | D:7      | Bought a +1 kite shield of cold resistance for 198 gold
                  | pieces
  7952 | D:7      | Found Ceunk's Antique Armour Emporium.
  7994 | D:7      | Found Agiadec's Armour Shop.
  8006 | D:7      | Found Mumeic's Distillery.
  8056 | D:7      | Noticed a two-headed ogre
  8066 | D:7      | Killed a two-headed ogre
  8066 | D:7      | Reached XP level 10. HP: 88/88 MP: 13/13
  8069 | D:7      | Found Goreyj's Distillery.
  8080 | D:7      | Bought a potion of heal wounds for 65 gold pieces
  8080 | D:7      | Bought a potion of flight for 39 gold pieces
  8215 | D:7      | Bought a potion of degeneration for 14 gold pieces
  8587 | D:8      | Reached * piety under Ashenzari
  8721 | D:8      | Noticed Erica
  8736 | D:8      | HP: 1/88 [Erica/lance of force (7)]
  8739 | D:8      | Killed Erica
  8739 | D:8      | Reached skill level 8 in Fighting
  8739 | D:8      | Reached skill level 5 in Conjurations
  8739 | D:8      | Reached skill level 5 in Evocations
  9538 | D:8      | Found Qeuvogeob's Distillery.
 10012 | D:9      | Noticed a two-headed ogre
 10022 | D:9      | Killed a two-headed ogre
 11275 | D:9      | Noticed Erolcha
 11301 | D:9      | Killed Erolcha
 11301 | D:9      | Reached skill level 1 in Shields
 11301 | D:9      | Reached XP level 11. HP: 21/95 MP: 3/14
 12290 | D:9      | Noticed a deep elf mage
 12293 | D:9      | Noticed a deep elf mage
 12299 | D:9      | Killed a deep elf mage
 12331 | D:9      | Killed a deep elf mage
 12331 | D:9      | Reached skill level 9 in Fighting
 12419 | D:9      | Learned a level 2 spell: Slow
 12438 | D:10     | Entered Level 10 of the Dungeon
 12454 | D:10     | Noticed a two-headed ogre
 12465 | D:10     | Killed a two-headed ogre
 13695 | D:10     | Found a staircase to the Lair.
 14283 | D:10     | Found Quxzych's Jewellery Emporium.
 15152 | D:11     | Found a staircase to the Orcish Mines.
 15755 | D:11     | Found Dutehoemu's Armour Emporium.
 15918 | D:11     | Reached ** piety under Ashenzari
 15986 | D:11     | Noticed a red ugly thing
 16012 | D:11     | Killed a green ugly thing
 16966 | D:12     | Noticed a brown ugly thing
 17271 | D:12     | Reached XP level 12. HP: 96/106 MP: 2/15
 18286 | D:12     | Found a stormy altar of Qazlal.
 18910 | D:12     | Reached skill level 10 in Fighting
 19493 | Orc:1    | Entered Level 1 of the Orcish Mines
 20178 | Orc:1    | Noticed an orc warlord
 20290 | Orc:1    | Demolished by an orc warlord

Illustrated notes

Levels and vault maps discovered:
D:1:      minmay_arrival_nine_rooms, layout_basic
D:2:      layout_loops_corners, uniq_sigmund, uniq_natasha
D:3:      layout_rooms, elyvilon_altar_5
D:4:      layout_cave_pods
D:5:      layout_gridville, serial_shops, shop, serial_bayou_crossing,
          uniq_blork_the_orc
D:6:      minmay_evil_eye, layout_loops_cross, basic_altar, okawaru_trees_2
D:7:      layout_cave_pools, kennysheep_mini, minmay_temple_entry_sparse_star,
          serial_shops, nicolae_shop_waterfront,
          nicolae_shop_overgrown_old_shop, shop, kennysheep_little_box,
          shop_statue, uniq_harold, uniq_pikel
D:8:      layout_loops_cross, serial_shops, kennysheep_mini_moat,
          hangedman_abyss_or_decor_stabs, uniq_erica
D:9:      layout_basic, hangedman_minor_magic, uniq_erolcha
D:10:     layout_roguey, lair_entry_dummy, serial_shops,
          nicolae_shop_behind_doors
D:11:     layout_basic, orc_0_dummy, serial_shops, shop_fountains,
          abandoned_shop
D:12:     layout_loops_ring, basic_altar
Temple:   roderic_octagonal_lattice_temple
Orc:1:    layout_caves, minmay_orc_treasury

Skill      XL: |  1  2  3  4  5  6  7  8  9 10 11 12 |
---------------+-------------------------------------+-----
Dodging        | 3 4 5 6 7 |  7.3
Fighting       | 3 4 5 6 7 8 9 10 | 10.2
Staves         | 4 5 6 7 8 9 |  9.0
Spellcasting   | 2 |  2.1
Hexes          | 2 3 5 6 8 |  8.8
Conjurations   | 2 4 5 7 |  7.8
Evocations     | 2 4 6 7 8 |  8.2
Shields        | 1 4 |  4.9
Throwing       | |  1.7

Action                   |  1- 3 |  4- 6 |  7- 9 | 10-12 || total
-------------------------+-------+-------+-------+-------++-------
Melee: Quarterstaff      |    90 |   184 |   388 |   936 ||  1598
       Tailslap          |     9 |    18 |    57 |   145 ||   229
Throw: Throwing net      |       |       |     6 |       ||     6
 Cast: Searing Ray       |       |       |     2 |       ||     2
       Dazzling Flash    |       |       |       |    15 ||    15
       Fulminant Prism   |       |       |       |    33 ||    33
Invok: Curse Item        |       |       |     1 |     1 ||     2
 Abil: Breathe Dispellin |       |       |    12 |    33 ||    45
Evoke: Wand              |       |       |     9 |    38 ||    47
       Tin of tremorston |       |       |       |     3 ||     3
  Use: Potion            |       |       |     3 |     4 ||     7
       Scroll            |       |       |       |    19 ||    19
 Stab: Sleeping          |     1 |     2 |       |     4 ||     7
       Held in net/web   |       |       |     2 |       ||     2
       Invisible         |       |       |       |     7 ||     7
Armor: Skin              |    29 |    53 |   124 |   215 ||   421
Dodge: Dodged            |    81 |   139 |   378 |   725 ||  1323

Table legend: (Time is in decaauts)
 A = Elapsed time spent in this place.
 B = Non-inter-level travel time spent in this place.
 C = Inter-level travel time spent in this place.
 D = Time resting spent in this place.
 E = Time spent auto-exploring this place.
 F = Levels seen in this place.
 G = Mean time per level.
                   A        B        C        D        E       F      G
               +--------+--------+--------+--------+--------+-----+--------+
         Total |  20180 |  19778 |    402 |   8869 |   7478 |  14 | 1441.4 |
       Dungeon |  19243 |  18859 |    384 |   8404 |   7307 |  12 | 1603.6 |
        Temple |    514 |    496 |     18 |    418 |      0 |   1 |  514.0 |
  Orcish Mines |    423 |    423 |      0 |     47 |    171 |   1 |  423.0 |
               +--------+--------+--------+--------+--------+-----+--------+

Top non-repeatable levels by time:
    D:11: 3145 daAuts
    D:12: 2135 daAuts
     D:8: 2076 daAuts
    D:10: 2026 daAuts
     D:9: 1591 daAuts
     D:2: 1426 daAuts
     D:7: 1400 daAuts
     D:6: 1356 daAuts
     D:1: 1280 daAuts
     D:4: 1175 daAuts
     D:5: 1026 daAuts
     D:3: 602 daAuts
  Temple: 514 daAuts
   Orc:1: 423 daAuts
